[Event "*** Titled Tuesday Blitz"]
[Site "Chess.com"]
[Date "2020.11.03"]
[Round "1"]
[White "Fiona"]
[Black "lelajavakhishvili"]
[Result "0-1"]
[WhiteElo "2165"]
[BlackElo "2537"]
[TimeControl "180+1"]
[EndTime "10:05:45 PST"]
[Termination "lelajavakhishvili won by resignation"]

1. e3 Nf6 2. f4 g6 3. Nf3 Bg7 4. d3 d5 5. g3 O-O 6. Bg2 c5 7. O-O Nc6 8. a3 Qd6 9. Qe1 e5 10. h3 Re8 11. Qf2 e4 12. Ne1 d4 13. Kh2 h5 14. Nd2 dxe3 15. Qxe3 Nd5 16. Qg1 exd3 17.
cxd3 Ne3 18. Ne4 Nxf1+ 19. Qxf1 Qc7 20. Nxc5 Nd4 21. Ne4 Nb3 0-1

[Event "*** Titled Tuesday Blitz"]
[Site "Chess.com"]
[Date "2020.11.03"]
[Round "1"]
[White "AquivaRubinstein"]
[Black "UB_TheQueen"]
[Result "1-0"]
[WhiteElo "2504"]
[BlackElo "2082"]
[TimeControl "180+1"]
[EndTime "10:05:46 PST"]
[Termination "AquivaRubinstein won by resignation"]

1. d4 Nf6 2. c4 g6 3. Nc3 Bg7 4. e4 O-O 5. f4 d6 6. Nf3 c5 7.
d5 e6 8. Be2 exd5 9. cxd5 Re8 10. e5 dxe5 11. fxe5 Ng4 12. Bg5 Qb6 13. O-O Nxe5 14.
Kh1 Bf5 15. d6 Nbd7 16. Nd5 Qxb2 17. Ne7+ Kh8 18. Nxf5 Nxf3 19. Nxg7 Kxg7 20. Bxf3 Ne5 21. Rb1 Qxa2 22. Bf6+ Kg8 23. Bd5 Qa3 24. d7 Nxd7 25. Bxf7+ Kxf7 26. Qxd7+ 1-0

[Event "*** Titled Tuesday Blitz"]
[Site "Chess.com"]
[Date "2020.11.03"]
[Round "1"]
[White "PawnEatingZombie"]
[Black "Heineccius"]
[Result "0-1"]
[WhiteElo "2171"]
[BlackElo "2539"]
[TimeControl "180+1"]
[EndTime "10:05:47 PST"]
[Termination "Heineccius won by resignation"]

1. d4 Nf6 2. c4 e6 3. Nc3 Bb4 4. Qc2 O-O 5. e4 d5 6. e5 Ne4 7. Bd3 c5 8. Nf3 cxd4 9. Nxd4 Nd7 10. Bf4 Ndc5 11. O-O Bxc3 12. bxc3 Bd7 13. Be2 Na4 14. cxd5 exd5 15. c4 Rc8 16. f3 Nec3 17. Bd3 Qh4 18. g3 Qh3 19. cxd5 Nxd5 20. Qd2 Nc5 21. Bc2 Nxf4 22. Qxf4 Ne6 23. Nxe6 Rxc2 0-1

[Event "*** Titled Tuesday Blitz"]
[Site "Chess.com"]
[Date "2020.11.03"]
[Round "1"]
[White "kflorian98"]
[Black "MattyDPerrine"]
[Result "1-0"]
[WhiteElo "2756"]
[BlackElo "2383"]
[TimeControl "180+1"]
[EndTime "10:05:48 PST"]
[Termination "kflorian98 won by resignation"]

1. e4 c5 2. Nf3 e6 3. d4 cxd4 4. Nxd4 Nf6 5. Nd2 d6 6. Bd3 Be7 7. O-O O-O 8. Re1 a6 9. N2f3 Qc7 10. c4 Nbd7 11. b3 b6 12. Bb2 Bb7 13. Rc1 Rac8 14.
Qd2 Nc5 15. e5 dxe5 16. Nxe5 Rfd8 17. Bb1 Nfe4 18. Qf4 Bg5 19. Qxf7+ Qxf7 20. Nxf7 Kxf7 21. Rcd1 Bf6 22. b4 Na4 23. Ba1 Nec3 24. Rd3 Rxd4 25. Rxd4 Bxd4 26. Bxh7 g6 27. h4 Kg7 28. Rxe6 Kxh7 29.
Re7+ Kh6 30. Rxb7 Rxc4 31. g4 Ne2+ 32. Kg2 Bxa1 33. Kh3 Nf4+ 34. Kg3 Be5 35. g5+ 1-0

[Event "*** Titled Tuesday Blitz"]
[Site "Chess.com"]
[Date "2020.11.03"]
[Round "1"]
[White "Kurai"]
[Black "HrvojeZagreb"]
[Result "1-0"]
[WhiteElo "2567"]
[BlackElo "2237"]
[TimeControl "180+1"]
[EndTime "10:05:48 PST"]
[Termination "Kurai won by resignation"]

1. e4 e6 2. d4 d5 3. Nc3 dxe4 4. Nxe4 Nd7 5. Nf3 Ngf6 6. Nxf6+ Nxf6 7. Bg5 c5 8. Bd3 h6 9. Bh4 cxd4 10. Nxd4 Qc7 11. Qe2 Bb4+ 12. Kf1 Be7 13. Re1 O-O 14. Nf5 exf5 15.
Qxe7 Qxe7 16. Rxe7 Nd5 17. Re5 Nb4 18. Bb5 g5 19.
Bg3 f4 20. h4 f6 21. Re7 Bf5 22. Bc4+ Kh8 23. hxg5 1-0

[Event "*** Titled Tuesday Blitz"]
[Site "Chess.com"]
[Date "2020.11.03"]
[Round "1"]
[White "ChessLover0108"]
[Black "Everyfishknows"]
[Result "1-0"]
[WhiteElo "2838"]
[BlackElo "2415"]
[TimeControl "180+1"]
[EndTime "10:05:49 PST"]
[Termination "ChessLover0108 won by resignation"]

1. Nf3 Nf6 2. d4 g6 3. c4 Bg7 4. Nc3 O-O 5. e4 d6 6. Be2 e5 7. Be3 Na6 8. O-O c6 9. d5 Nc5 10. Nd2 a5 11. a3 Ne8 12. b4 Na6 13. Rb1 f5 14. f3 Nf6 15. c5 axb4 16. axb4 cxd5 17.
exd5 Bd7 18. c6 bxc6 19. dxc6 Be6 20. b5 Nc5 21. Bxc5 dxc5 22. Nb3 Qb6 23. Kh1 c4 24. Nd2 Rfd8 25. Bxc4 Bxc4 26. Nxc4 Qc5 27. Qb3 e4 28.
fxe4 Ng4 29. Ne5+ Kh8 30. Nf7+ Kg8 31. Nh6+ 1-0

[Event "*** Titled Tuesday Blitz"]
[Site "Chess.com"]
[Date "2020.11.03"]
[Round "1"]
[White "ChronicUnhappiness"]
[Black "cstevens1"]
[Result "0-1"]
[WhiteElo "2336"]
[BlackElo "2665"]
[TimeControl "180+1"]
[EndTime "10:05:49 PST"]
[Termination "cstevens1 won by resignation"]

1. c3 Nf6 2. d4 g6 3. Nf3 Bg7 4. Bf4 O-O 5. Nbd2 d6 6. e3 Nbd7 7. Be2 c5 8. O-O b6 9. h3 Bb7 10. a4 a6 11. b4 cxb4 12. cxb4 Nd5 13. Qb3 Nxf4 14. exf4 Nf6 15. g3 Nd5 16. Rac1 Qd7 17. Kh2 Rfc8 18. Rfe1 e6 19. Bf1 Rc7 20. Rxc7 Qxc7 21.
Nc4 Rc8 22. b5 a5 23. h4 Nb4 24. Ncd2 Bd5 25. Qb2 Qc3 26. Qxc3 Rxc3 27. Bg2 Rc2 28.
Kg1 Nd3 29. Re3 Nb2 30. Ne4 Bxe4 31. Rxe4 d5 32. Re1 Nxa4 33. Rb1 Nc3 34. Rb3 Ne2+ 35.
Kf1 Nxd4 36. Nxd4 Bxd4 37. Rf3 a4 38. h5 a3 39. Rxa3 Rxf2+ 0-1

[Event "*** Titled Tuesday Blitz"]
[Site "Chess.com"]
[Date "2020.11.03"]
[Round "1"]
[White "SantoBlue"]
[Black "PlotnikovPavel"]
[Result "1-0"]
[WhiteElo "2899"]
[BlackElo "2450"]
[TimeControl "180+1"]
[EndTime "10:05:50 PST"]
[Termination "SantoBlue won by checkmate"]

1. e4 e6 2. d4 d5 3. Nd2 Nf6 4. e5 Nfd7 5. Bd3 c5 6. c3 Nc6 7. Ne2 cxd4 8. cxd4 f6 9. exf6 Nxf6 10. O-O Bd6 11.
Nf3 O-O 12. Bf4 Qc7 13. Bxd6 Qxd6 14. Re1 Bd7 15. Nc3 Be8 16. Ne5 Bh5 17. Qd2 Nd7 18. Nb5 Qe7 19. Nxc6 bxc6 20. Nc7 Rab8 21. Nxe6 Qd6 22.
Nxf8 Rxf8 23. Qg5 Nf6 24. h3 c5 25. dxc5 Qxc5 26. Bf5 Be8 27. Rac1 Qb6 28. Rc8 g6 29. Re7 Qxb2 30. Be6+ Kh8 31. Qh6 Qa1+ 32. Kh2 Qe5+ 33. f4 Qd6 34. Qg7# 1-0

[Event "*** Titled Tuesday Blitz"]
[Site "Chess.com"]
[Date "2020.11.03"]
[Round "1"]
[White "PavelShkapenko"]
[Black "AniJak"]
[Result "1-0"]
[WhiteElo "2647"]
[BlackElo "2323"]
[TimeControl "180+1"]
[EndTime "10:05:51 PST"]
[Termination "PavelShkapenko won by resignation"]

1. e4 c6 2. d4 d5 3. Nc3 dxe4 4. Nxe4 Nf6 5. Nxf6+ gxf6 6. Qd3 Nd7 7. Nf3 Nb6 8. h3 Be6 9. b3 Bd5 10. Bb2 Bxf3 11.
Qxf3 Qd7 12. c4 O-O-O 13. Be2 e6 14. O-O-O Be7 15. Kb1 Rhg8 16. g4 Kb8 17. Bd3 Rg7 18. Rhe1 Qc7 19. Bc2 a5 20. Bc1 Nd7 21. Bh6 Rgg8 22.
Bf4 Bd6 23. Bc1 Bb4 24. Re2 Rg7 25. Bh6 Rgg8 26. Bf4 Bd6 27. Bc1 Ka8 28. Bd2 Bb4 29.
Bxh7 Rh8 30. Bc2 Bxd2 31. Rexd2 Qh2 32. Rh1 Qd6 33. h4 c5 34. Rhd1 cxd4 35. Rxd4 Qc7 36. h5 a4 37. Qd3 Ne5 38. Rxd8+ 1-0

[Event "*** Titled Tuesday Blitz"]
[Site "Chess.com"]
[Date "2020.11.03"]
[Round "1"]
[White "kot60"]
[Black "IMTominho"]
[Result "1-0"]
[WhiteElo "2387"]
[BlackElo "2706"]
[TimeControl "180+1"]
[EndTime "10:05:52 PST"]
[Termination "kot60 won by resignation"]

1. e4 c5 2. Nc3 d6 3. Bc4 a6 4. a4 g6 5. f4 Bg7 6. f5 Nc6 7.
d3 Nf6 8. Nf3 gxf5 9. O-O fxe4 10. dxe4 Bg4 11. Qe1 Bxf3 12. Rxf3 Ne5 13. Rg3 Nh5 14.
Rg5 Nxc4 15. Rxh5 Qd7 16. Qe2 Bxc3 17. Qxc4 Bd4+ 18. Kh1 Qg4 19. Rf5 e6 20. Rf4 Qh5 21.
Rf3 O-O-O 22. Bf4 Qg6 23. c3 Bf6 24. b4 Be7 25. Raf1 Rhf8 26. Qe2 cxb4 27. cxb4 Qh5 28.
Rc3+ 1-0

[Event "*** Titled Tuesday Blitz"]
[Site "Chess.com"]
[Date "2020.11.03"]
[Round "1"]
[White "CzechmVIII"]
[Black "GameOverBro"]
[Result "0-1"]
[WhiteElo "2153"]
[BlackElo "2529"]
[TimeControl "180+1"]
[EndTime "10:05:52 PST"]
[Termination "GameOverBro won on time"]

1. e4 d6 2. d4 Nf6 3. Nc3 e5 4. Nge2 c6 5. a4 Nbd7 6. g3 h5 7. h3 Be7 8. Bg2 b6 9. O-O a6 10. Be3 Bb7 11. Qd2 b5 12. f4 O-O 13. b3 Re8 14.
Rad1 Qc7 15. f5 b4 16. Na2 exd4 17. Bxd4 c5 18. Bxf6 Nxf6 19. Qf4 Bf8 20. g4 hxg4 21. hxg4 Nxe4 22. Ng3 Nxg3 23. Qxg3 Bxg2 24. Qxg2 Re3 25.
Rf3 Rae8 26. Rxe3 Rxe3 27. Qf2 Qe7 28. Nc1 Qg5 29. Kf1 Rh3 30. Qg2 Qf4+ 31. Ke1 Rg3 32. Qf1 Qxg4 33. Kd2 Rg2+ 34. Ne2 Qg5+ 35. Ke1 Qh4+ 36. Kd2 Qg5+ 37. Ke1 Qh4+ 38. Kd2 Qd4+ 39.
Kc1 Qe3+ 40. Rd2 g6 0-1

[Event "*** Titled Tuesday Blitz"]
[Site "Chess.com"]
[Date "2020.11.03"]
[Round "1"]
[White "BJthechessgod"]
[Black "Fy_Rakotomaharo"]
[Result "0-1"]
[WhiteElo "2303"]
[BlackElo "2623"]
[TimeControl "180+1"]
[EndTime "10:05:53 PST"]
[Termination "Fy_Rakotomaharo won by resignation"]

1. e4 c6 2. d4 d5 3. Nc3 dxe4 4.
Nxe4 Bf5 5. Ng3 Bg6 6. h4 h6 7.
Nf3 Nd7 8. h5 Bh7 9. Bd3 Bxd3 10. Qxd3 e6 11. Bf4 Qa5+ 12. Bd2 Bb4 13. c3 Be7 14. c4 Bb4 15. a3 Bxd2+ 16. Nxd2 Ngf6 17. b4 Qc7 18. Nde4 O-O 19. Nxf6+ Nxf6 20. Ne4 Qf4 21. Nxf6+ Qxf6 22. Rd1 Rfd8 23. O-O Qh4 24. Qe2 Rxd4 25. Rxd4 Qxd4 26. Rd1 Qc3 27. Rd7 Qxa3 28. Rxb7 Qa1+ 29. Kh2 Qf6 30. g3 a5 31. bxa5 Rxa5 32. Rb8+ Kh7 33. Qe4+ Qf5 34. Qxf5+ Rxf5 35. Kg2 Rxh5 36. Rc8 Rc5 37.
Rc7 Kg6 38. f4 Rxc4 39. Kf3 h5 40. g4 Rc3+ 41. Ke4 hxg4 0-1

[Event "*** Titled Tuesday Blitz"]
[Site "Chess.com"]
[Date "2020.11.03"]
[Round "1"]
[White "Korchmar_Vasiliy"]
[Black "FMalexhdez"]
[Result "1-0"]
[WhiteElo "2617"]
[BlackElo "2300"]
[TimeControl "180+1"]
[EndTime "10:05:55 PST"]
[Termination "Korchmar_Vasiliy won on time"]

1. d4 Nf6 2. Nf3 e6 3. Bf4 d5 4. e3 Be7 5. Ne5 Nbd7 6. Nd2 Nxe5 7. dxe5 Nd7 8. h4 c5 9. Qg4 O-O 10. Bh6 g6 11. Nf3 Re8 12. h5 Nf8 13. hxg6 fxg6 14.
O-O-O b5 15. Ng5 Bxg5 16. Bxg5 Qc7 17. Bf6 c4 18. Be2 Qf7 19. Rh6 Nd7 20. Rdh1 Nxf6 21. exf6 e5 22. Qh4 1-0

[Event "*** Titled Tuesday Blitz"]
[Site "Chess.com"]
[Date "2020.11.03"]
[Round "1"]
[White "Chuchofrio1"]
[Black "grzechu96"]
[Result "0-1"]
[WhiteElo "2350"]
[BlackElo "2680"]
[TimeControl "180+1"]
[EndTime "10:05:56 PST"]
[Termination "grzechu96 won by resignation"]

1. e4 c5 2. Nc3 a6 3. f4 b5 4. Nf3 Bb7 5. d3 e6 6. g3 d5 7. e5 h5 8. Bg2 Nh6 9. Qe2 Nf5 10. Bd2 Nc6 11. Qf2 Be7 12. a3 b4 13. axb4 Nxb4 14. Rc1 Qc7 15. Ne2 d4 16. Bxb4 cxb4 17. Nexd4 Bc5 18. c3 Bxf3 19. Qxf3 Rc8 20. Nxf5 exf5 21.
cxb4 Bxb4+ 22. Ke2 Qd8 23. Rxc8 Qxc8 24. Qc6+ Qxc6 25.
Bxc6+ Ke7 26. Ra1 a5 27. Ba4 h4 28. Kf3 hxg3 29. hxg3 Rh2 30. b3 Bc5 31. g4 Rh3+ 32.
Ke2 fxg4 33. d4 Bxd4 34. Rd1 Rh2+ 35. Kd3 Bb6 36. Ke4 Re2+ 37. Kf5 g3 38. Rd7+ Kf8 39.
Rb7 g6+ 40. Kg4 g2 41. Rb8+ Kg7 0-1

[Event "*** Titled Tuesday Blitz"]
[Site "Chess.com"]
[Date "2020.11.03"]
[Round "1"]
[White "Shield12"]
[Black "Ajedrez_con_German"]
[Result "0-1"]
[WhiteElo "2905"]
[BlackElo "2472"]
[TimeControl "180+1"]
[EndTime "10:05:58 PST"]
[Termination "Ajedrez_con_German won by resignation"]

1. e4 e6 2. d4 d5 3. Nd2 Nf6 4. e5 Nfd7 5. Bd3 c5 6. c3 Nc6 7. Ne2 cxd4 8. cxd4 f6 9. exf6 Nxf6 10. Nf3 Bd6 11.
O-O O-O 12. Bf4 Bxf4 13. Nxf4 Ne4 14. Qc1 Qf6 15. Qe3 Qxf4 16. Qe2 Ng5 17. Nxg5 Qxg5 18. Rad1 Nxd4 19. Bxh7+ Kxh7 20. Rxd4 Bd7 21. Re1 Kg8 22.
h4 Qf6 23. Rg4 e5 24. Rg5 Rae8 25. f3 e4 26. f4 Bc6 27. Qg4 Rf7 28. Rg6 Qd4+ 29.
Kh1 Bd7 30. Qg5 Ree7 31. h5 Qf2 32. Rd1 e3 33. Qg3 Qxg3 34. Rxg3 e2 35. Re1 Rxf4 36. Kg1 d4 37. Rd3 Bb5 0-1

[Event "*** Titled Tuesday Blitz"]
[Site "Chess.com"]
[Date "2020.11.03"]
[Round "1"]
[White "Shubinkirill2003"]
[Black "ural58"]
[Result "1-0"]
[WhiteElo "2693"]
[BlackElo "2353"]
[TimeControl "180+1"]
[EndTime "10:05:58 PST"]
[Termination "Shubinkirill2003 won by resignation"]

1. e4 d5 2. exd5 Qxd5 3. Nc3 Qa5 4. Nf3 Nf6 5. d4 Nc6 6. h3 Ne4 7. Bd3 Nxc3 8. bxc3 Qxc3+ 9. Bd2 Qa3 10. d5 Nd8 11.
O-O e6 12. Re1 Be7 13. Qe2 Qd6 14. c4 h6 15. Rab1 b6 16. Nd4 O-O 17. Bb4 Qd7 18.
dxe6 Nxe6 19. Nxe6 fxe6 20. Bxe7 Qxe7 21. Qe4 Bd7 22. Qh7+ Kf7 23. Re3 Bc6 24. Bg6+ Kf6 25. Bh5 Qc5 26. Qg6+ Ke7 27. Rd1 Bd7 28. Qxg7+ 1-0

[Event "*** Titled Tuesday Blitz"]
[Site "Chess.com"]
[Date "2020.11.03"]
[Round "1"]
[White "ethylalcohol"]
[Black "KaterinaMiroshnik"]
[Result "0-1"]
[WhiteElo "2102"]
[BlackElo "2511"]
[TimeControl "180+1"]
[EndTime "10:05:58 PST"]
[Termination "KaterinaMiroshnik won by resignation"]

1. d4 e6 2. Bf4 Nf6 3. Nf3 d5 4. e3 Bd6 5. Bg3 O-O 6. Nbd2 c5 7. c3 b6 8. Ne5 Bb7 9. Bd3 Nc6 10. f4 Ne7 11. Qb1 g6 12. Bf2 cxd4 13. exd4 Nf5 14.
O-O Rc8 15. g4 Bxe5 16. gxf5 Bxf4 17. fxg6 fxg6 18. Bh4 Bxd2 19. Bxg6 Qe7 20. Qd3 Qg7 21. Kh1 Ne4 22. Bxh7+ Qxh7 23. Rg1+ Kh8 24. Bg3 Nf2+ 25. Bxf2 Qxd3 0-1

[Event "*** Titled Tuesday Blitz"]
[Site "Chess.com"]
[Date "2020.11.03"]
[Round "1"]
[White "pastouche06"]
[Black "RaneshRatnesan"]
[Result "1-0"]
[WhiteElo "2512"]
[BlackElo "2102"]
[TimeControl "180+1"]
[EndTime "10:06:00 PST"]
[Termination "pastouche06 won by resignation"]

1. d4 d5 2. c4 c6 3. Nf3 Nf6 4. Qc2 g6 5. Bf4 Bg7 6. e3 O-O 7. Nc3 Na6 8. Rd1 Nb4 9. Qb3 a5 10. a3 Na6 11. cxd5 Nxd5 12. Nxd5 cxd5 13. Be2 b6 14.
O-O e6 15. Rc1 Bd7 16. Bb5 Re8 17. Qa4 Bxb5 18. Qxb5 Bf8 19. Rc6 Rc8 20. Rfc1 Rxc6 21. Rxc6 Qd7 22. Ne5 Qa7 23. Qxb6 Qxb6 24. Rxb6 Ra8 25.
Nd7 Be7 26. b3 Bd8 27. Rc6 f6 28. Rxe6 Kf7 29. Rc6 Ke7 30. Nc5 Nxc5 31. dxc5 Rb8 32. Bxb8 1-0

[Event "*** Titled Tuesday Blitz"]
[Site "Chess.com"]
[Date "2020.11.03"]
[Round "1"]
[White "djano"]
[Black "Hikaru"]
[Result "0-1"]
[WhiteElo "2472"]
[BlackElo "3232"]
[TimeControl "180+1"]
[EndTime "10:06:01 PST"]
[Termination "Hikaru won by resignation"]

1. d4 g6 2. Nf3 Bg7 3. c3 d6 4. Bg5 Nd7 5. Nbd2 Ngf6 6. e4 e5 7. Bd3 O-O 8. O-O Re8 9. Re1 h6 10. Bh4 Qe7 11. a4 Qf8 12. a5 a6 13. b4 Nh5 14.
Bf1 Kh8 15. dxe5 Nxe5 16. Nxe5 Bxe5 17. Rc1 Bg7 18. Nc4 f5 19. exf5 Rxe1 20. Qxe1 Bxf5 21. Ne3 Re8 22. Qd2 Be6 23. b5 axb5 24. Bxb5 Ra8 25. Ra1 Qf4 26. Bg3 Nxg3 27. hxg3 Qe5 28. Bc4 Bxc4 29. Nxc4 Qxc3 30. Qxc3 Bxc3 31. Rb1 Ra7 32. Rb3 Bxa5 33. Nxa5 Rxa5 34. Rxb7 Ra1+ 35. Kh2 Rc1 36. g4 d5 37. f4 d4 38. Kg3 Rc3+ 39. Kf2 Kg7 40. f5 gxf5 41. gxf5 Kf6 42. g4 Kg5 43. Rb8 Kxg4 44. f6 Rf3+ 0-1

[Event "*** Titled Tuesday Blitz"]
[Site "Chess.com"]
[Date "2020.11.03"]
[Round "1"]
[White "AlexeiShirov"]
[Black "Maxim_e2e4"]
[Result "1-0"]
[WhiteElo "2786"]
[BlackElo "2394"]
[TimeControl "180+1"]
[EndTime "10:06:02 PST"]
[Termination "AlexeiShirov won on time"]

1. e4 c6 2. d4 d5 3. e5 c5 4.
dxc5 e6 5. a3 Bxc5 6. Nf3 Nc6 7.
b4 Bb6 8. Bb2 Nge7 9. Bd3 Ng6 10.
O-O O-O 11. Re1 Nf4 12. c4 Nxd3 13. Qxd3 dxc4 14. Qxc4 Bd7 15. Nc3 Rc8 16. Qg4 Ne7 17.
Rad1 Nd5 18. Ne4 Rc2 19. Bd4 Bxd4 20. Nxd4 Rc4 21. Nd6 Rc7 22. Rd3 f5 23. Qd1 b6 24.
N4xf5 exf5 25. Rxd5 Be6 26. Rd4 Rd7 27. Qd2 1-0

[Event "*** Titled Tuesday Blitz"]
[Site "Chess.com"]
[Date "2020.11.03"]
[Round "1"]
[White "Zarikovs1999"]
[Black "GjakanTati"]
[Result "1-0"]
[WhiteElo "2328"]
[BlackElo "2610"]
[TimeControl "180+1"]
[EndTime "10:06:02 PST"]
[Termination "Zarikovs1999 won by resignation"]

1. e4 c5 2. Nf3 Nc6 3. d4 cxd4 4.
Nxd4 Nf6 5. Nc3 e5 6. Ndb5 d6 7. Bg5 a6 8. Na3 b5 9. Nd5 Be7 10. Bxf6 Bxf6 11. c3 O-O 12. Nc2 Bg5 13. a4 bxa4 14.
Rxa4 Rb8 15. Bxa6 Rxb2 16. Bxc8 Qxc8 17. O-O Qb7 18. Nce3 Qb5 19. Rc4 Na5 20. Rb4 Rxb4 21. cxb4 Nc6 22. Nf5 Rd8 23. Qg4 f6 24. h4 h5 25.
Qxh5 Bd2 26. Qg6 Qb7 27. Nde7+ 1-0

[Event "*** Titled Tuesday Blitz"]
[Site "Chess.com"]
[Date "2020.11.03"]
[Round "1"]
[White "seorobert1971"]
[Black "davigator"]
[Result "1/2-1/2"]
[WhiteElo "2710"]
[BlackElo "2376"]
[TimeControl "180+1"]
[EndTime "10:06:03 PST"]
[Termination "Game drawn by repetition"]

1. d4 Nf6 2. c4 e6 3. Nf3 Bb4+ 4. Nbd2 b6 5. a3 Be7 6. e4 d5 7. e5 Nfd7 8. cxd5 exd5 9. Bd3 c5 10. Qe2 Nf8 11.
O-O Nc6 12. Bb5 Bd7 13. Nb3 Ne6 14. Be3 c4 15. Bxc6 Bxc6 16. Nc1 b5 17. Qd2 a5 18.
Ne2 O-O 19. Nf4 b4 20. Nxe6 fxe6 21. Ng5 Bd7 22. f4 Bxg5 23. fxg5 Qe7 24. axb4 axb4 25. Rxf8+ Rxf8 26. Ra7 g6 27. Rb7 b3 28. h3 Rf7 29.
Kh2 Kg7 30. Qa5 Qe8 31. Qb6 Bc8 32. Rb8 Rd7 33. Qc6 Rd8 34. Qc7+ Kg8 35. Bd2 Qf8 36. Kg3 Re8 37. Kh2 Ba6 38. Rb6 Bc8 39.
Kg1 Qf7 40. Qc5 Rf8 41. Rb8 Qf2+ 42. Kh1 Qxd2 43. Rxc8 Qf4 44. Qc6 Qc1+ 45. Kh2 Qf4+ 46.
Kh1 Qf1+ 47. Kh2 Qf4+ 48. Kh1 1/2-1/2

[Event "*** Titled Tuesday Blitz"]
[Site "Chess.com"]
[Date "2020.11.03"]
[Round "1"]
[White "WcmDominicToretto"]
[Black "NeverW84M8"]
[Result "0-1"]
[WhiteElo "1890"]
[BlackElo "2480"]
[TimeControl "180+1"]
[EndTime "10:06:03 PST"]
[Termination "NeverW84M8 won by checkmate"]

1. e4 c5 2. Nc3 e6 3. f4 Nc6 4. Nf3 a6 5. a4 d5 6. d3 Nf6 7.
Be2 Be7 8. O-O Rb8 9. Nh4 d4 10.
Na2 b5 11. axb5 axb5 12. Rb1 Ra8 13. Ra1 Nb4 14. Nxb4 Rxa1 15. Nc6 Qc7 16. Ne5 Nd7 17. Nef3 O-O 18. Qe1 f5 19. Qg3 Bb7 20. Ng5 Bxg5 21. Qxg5 fxe4 22. f5 e5 23. Qg3 Nf6 24. b3 e3 25. Nf3 Bxf3 26. Bxf3 Qe7 27. Be2 b4 28. h3 Rb1 29. Kh2 Ra8 30. Qf3 Raa1 31. Bb2 Rxf1 32. Bxf1 Rb1 33. Bxd4 exd4 34. Qa8+ Qf8 35. Qf3 Qe8 36.
Be2 Qb8+ 37. g3 Re1 38. Kg2 h5 39. g4 h4 40. g5 Qg3+ 41. Qxg3 hxg3 42. gxf6 Rxe2+ 43.
Kxg3 Rf2 44. fxg7 Rxf5 45. Kg4 Rf7 46. h4 e2 47. h5 e1=Q 48. h6 Qg1+ 49. Kh5 Rf5+ 50.
Kh4 Qg5+ 51. Kh3 Rf3+ 52. Kh2 Qg3+ 53. Kh1 Rf1# 0-1

[Event "*** Titled Tuesday Blitz"]
[Site "Chess.com"]
[Date "2020.11.03"]
[Round "1"]
[White "BabyFacedAssasin"]
[Black "hungrycaterpillar4"]
[Result "0-1"]
[WhiteElo "2236"]
[BlackElo "2567"]
[TimeControl "180+1"]
[EndTime "10:06:04 PST"]
[Termination "hungrycaterpillar4 won by checkmate"]

1. e4 c5 2. Nf3 Nc6 3. Bb5 g6 4.
Bxc6 dxc6 5. d3 Bg7 6. h3 Qc7 7.
O-O e5 8. a4 a5 9. Be3 b6 10.
Na3 h6 11. Nc4 Be6 12. Nfd2 Ne7 13. b4 axb4 14. a5 bxa5 15. Bxc5 O-O 16. Bb6 Qb7 17. Bxa5 c5 18. Bb6 Qc6 19. Qe1 Rxa1 20. Qxa1 Ra8 21. Qb2 Nc8 22. Ba5 Nd6 23. Nxd6 Qxd6 24. Ra1 Qd4 25.
Qxd4 exd4 26. Nb3 Bxb3 27. cxb3 Be5 28. Ra4 g5 29. Bb6 Rxa4 30. bxa4 b3 31. a5 b2 32. a6 b1=Q# 0-1

[Event "*** Titled Tuesday Blitz"]
[Site "Chess.com"]
[Date "2020.11.03"]
[Round "1"]
[White "cukin84"]
[Black "LawrenceTrent"]
[Result "0-1"]
[WhiteElo "2059"]
[BlackElo "2500"]
[TimeControl "180+1"]
[EndTime "10:06:04 PST"]
[Termination "LawrenceTrent won by resignation"]

1. e4 c5 2. Nc3 Nc6 3. Bb5 e6 4.
Bxc6 bxc6 5. d3 d5 6. f4 Nf6 7. Nf3 Be7 8. O-O O-O 9. Ne5 Qc7 10. Kh1 c4 11. dxc4 dxe4 12. Qe2 Bb7 13. Nxe4 Nxe4 14. Qxe4 c5 15. Qe2 Rae8 16. Be3 f6 17. Nf3 Bd6 18. Rad1 Bxf4 19. Bxf4 Qxf4 20. Rd7 Be4 21. Nd2 Qe5 22. Qxe4 Qxb2 23. Qg4 f5 24. Qg3 Rf7 25. Rxf7 Kxf7 26. Nf3 Qxc2 27. Ne5+ Kg8 28. h4 Qxa2 29. Nd7 Qb2 30.
h5 h6 31. Qg6 Re7 32. Nxc5 Qd4 33. Nxe6 Qxc4 34. Re1 f4 35. Qf5 Qc8 36. Qd5 Kh8 37. Re5 Qe8 38. Kh2 a5 39. Nxf4 Rxe5 40. Qxe5 Qxe5 0-1

[Event "*** Titled Tuesday Blitz"]
[Site "Chess.com"]
[Date "2020.11.03"]
[Round "1"]
[White "gmmoranda"]
[Black "TheCavemanChesss"]
[Result "1-0"]
[WhiteElo "2895"]
[BlackElo "2450"]
[TimeControl "180+1"]
[EndTime "10:06:05 PST"]
[Termination "gmmoranda won by resignation"]

1. d4 Nf6 2. c4 e6 3. Nf3 d5 4. Nc3 Bb4 5. Qb3 Nc6 6. e3 O-O 7.
Be2 dxc4 8. Qxc4 Bd6 9. e4 e5 10. d5 Ne7 11. O-O a6 12. Bg5 Ng6 13. Nd2 h6 14.
Be3 Ng4 15. Bxg4 Bxg4 16. f3 Bd7 17. Rfd1 f5 18. exf5 Rxf5 19. Nde4 Nf4 20. Nxd6 cxd6 21. Qb4 Qc7 22. Ne4 Rd8 23. Kh1 Bc8 24. Rac1 Qe7 25.
Nxd6 Rxd6 26. Rxc8+ Kh7 27. Qe4 Qg5 28. g4 Rf6 29.
Bxf4 Qxf4 30. gxf5 1-0

[Event "*** Titled Tuesday Blitz"]
[Site "Chess.com"]
[Date "2020.11.03"]
[Round "1"]
[White "OldweakGM"]
[Black "Fischerev7"]
[Result "1-0"]
[WhiteElo "2856"]
[BlackElo "2429"]
[TimeControl "180+1"]
[EndTime "10:06:05 PST"]
[Termination "OldweakGM won on time"]

1. Nf3 Nf6 2. d4 e6 3. Bg5 d5 4.
Nbd2 Be7 5. e3 O-O 6. Bd3 Nbd7 7.
c3 b6 8. O-O Bb7 9. Qe2 c5 10.
Rfe1 h6 11. Bf4 Rc8 12. h3 Ne4 13. Rad1 cxd4 14. exd4 f5 15. Bh2 Ndf6 16. Ne5 Bd6 17.
f3 Nxd2 18. Qxd2 Re8 19. Re2 Bxe5 20. Bxe5 Bc6 21. Rde1 Bd7 22. Ba6 Rc6 23. Bb7 Rc4 24. b3 Rc7 25. Bxc7 Qxc7 26. Ba6 b5 27. a4 bxa4 28.
bxa4 Bxa4 29. Rxe6 Rxe6 30. Rxe6 Bd7 31. Re5 Qd6 32. Qa2 Qc6 33. Qa3 Kh7 34. Bd3 Qc8 35. Re7 Ng8 36. Re5 Nf6 37. Re1 Qc7 38.
Qb2 Qg3 39. Re5 Qg5 40. Qb1 Qd2 41. Bxf5+ Bxf5 42. Qxf5+ Kg8 43. Qe6+ Kh7 44. Re3 a5 45. Kh2 a4 46. Qf5+ Kg8 47. Re7 Qxc3 48. Qg6 1-0

[Event "*** Titled Tuesday Blitz"]
[Site "Chess.com"]
[Date "2020.11.03"]
[Round "1"]
[White "AsaHoffmann"]
[Black "Shoytan"]
[Result "0-1"]
[WhiteElo "2287"]
[BlackElo "2599"]
[TimeControl "180+1"]
[EndTime "10:06:05 PST"]
[Termination "Shoytan won by resignation"]

1. d4 Nf6 2. Bg5 c5 3. d5 d6 4. Nc3 g6 5. Qd2 h6 6. Bf4 Bg7 7. f3 a6 8. a4 Nh5 9. Be3 e5 10. dxe6 Bxe6 11. Rd1 O-O 12. g4 Nf6 13. Qxd6 Nbd7 14.
Qd2 Kh7 15. h4 b5 16. Nh3 b4 17. Nb1 Nd5 18. Bf2 Ne5 19. Bg2 Nc4 20. Qd3 Nxb2 21.
Qd2 Nxd1 22. Qxd1 Nc3 23. Qc1 Nxb1 24. Qxb1 Bc3+ 25. Kf1 Qd2 26. Be1 Qxe1+ 27. Qxe1 Bxe1 28. Kxe1 Rfd8 29. Nf4 Rab8 30. Nd3 c4 31. Nc5 b3 32.
cxb3 cxb3 33. Kf2 b2 34. Nxe6 fxe6 35. Rb1 Rdc8 36. f4 Rc1 37. Be4 Rxb1 38. Bxb1 Rc8 39. h5 Rc1 40. Bxg6+ Kg7 41. e4 b1=Q 0-1

[Event "*** Titled Tuesday Blitz"]
[Site "Chess.com"]
[Date "2020.11.03"]
[Round "1"]
[White "Gerodot71"]
[Black "mamonika"]
[Result "1-0"]
[WhiteElo "2489"]
[BlackElo "1985"]
[TimeControl "180+1"]
[EndTime "10:06:06 PST"]
[Termination "Gerodot71 won by checkmate"]

1. d4 Nf6 2. c4 g6 3. Nc3 Bg7 4. e4 d6 5. Be2 O-O 6. Be3 c5 7.
dxc5 Qa5 8. Bd2 Qxc5 9. Nf3 a6 10. Be3 Qc7 11. O-O Nc6 12. Rc1 Qb8 13. Qd2 Be6 14.
Rfd1 Ng4 15. Bf4 Nge5 16. Nxe5 dxe5 17. Be3 Nd4 18. Nd5 Bxd5 19. cxd5 Rc8 20. Bf1 Qd6 21. h4 h5 22. Kh2 f5 23. f3 f4 24. Bf2 Qf6 25.
Rc3 g5 26. hxg5 Qxg5 27. Rdc1 Rxc3 28. bxc3 h4 29. cxd4 exd4 30. Bxd4 h3 31. Bxg7 Qh4 32. Qe1 Qh5 33. gxh3 Kxg7 34. Qc3+ Kf7 35. Rc2 Qh4 36.
Rg2 Rh8 37. Qg7+ Ke8 38. Qg4 Qe1 39. Qc8+ Kf7 40. Qxh8 Qxf1 41. Qg8+ Kf6 42. Qe6# 1-0